 Dungeon Crawl Stone Soup version 0.31.0-4-g52a2dc7128 (webtiles) character file.

Game seed: 2694216287778404535

1281 juan097 the Trooper (level 8, -1/71 HPs)
             Began as a Hill Orc Fighter on Jan 22, 2024.
             Slain by a gnoll
             ... wielding a +0 spear
             ... led by a gnoll sergeant
              (3 damage)
             ... on level 5 of the Dungeon.
             The game lasted 00:06:58 (4116 turns).

juan097 the Trooper (Hill Orc Fighter)              Turns: 4116, Time: 00:06:58

Health: -1/71      AC:  8    Str: 25    XL:     8   Next: 54%
Magic:  8/8        EV: 10    Int:  8    God:
Gold:   261        SH:  5    Dex: 10    Spells: 7/7 levels left

rFire   . . .        a - +8 trident "Toitaski" {elec, rElec rCorr Str+4 Stlth+}
rCold   . . .        c - +0 buckler
rNeg    . . .        m - +0 scale mail
rPois   .            (no helmet)
rElec   +            u - +0 cloak
rCorr   +            (no gloves)
SInv    +            (no boots)
Will    .....        o - amulet of the acrobat
Stlth   +            p - ring of see invisible
HPRegen 0.31/turn    (no ring)
MPRegen 0.11/turn

%: acrobat
@: mighty, lethally poisoned (-1 -> -14)
A: no striking features
a: no special abilities


You were on level 5 of the Dungeon.
You visited 1 branch of the dungeon, and saw 5 of its levels.

You collected 261 gold pieces.

Inventory:

Hand Weapons
 a - the +8 trident "Toitaski" (weapon) {elec, rElec rCorr Str+4 Stlth+}
   (You found it on level 2 of the Dungeon)

   Str+4:     It affects your strength (+4).
   rElec:     It insulates you from electricity.
   rCorr:     It protects you from acid and corrosion.
   Stlth+:    It makes you more stealthy.
 b - a +0 sling
 F - a +0 war axe
Missiles
 E - a throwing net (quivered)
Armour
 c - a +0 buckler (worn)
 m - a +0 scale mail (worn)
 u - a +0 cloak (worn)
Jewellery
 o - an amulet of the acrobat (around neck)
 p - a ring of see invisible (left hand)
 y - a ring of fire
Wands
 B - a wand of charming (4)
Scrolls
 f - 5 scrolls of identify {unknown}
 g - a scroll of blinking {unknown}
 j - a scroll of enchant weapon {unknown}
 k - a scroll of silence {unknown}
 n - a scroll of brand weapon {unknown}
 r - a scroll of noise {unknown}
 w - 3 scrolls of enchant armour {unknown}
 z - a scroll of vulnerability {unknown}
 A - a scroll of teleportation {unknown}
 C - a scroll of fog {unknown}
Potions
 e - a potion of degeneration {unknown}
 h - 2 potions of curing
 i - 3 potions of enlightenment {unknown}
 l - a potion of heal wounds {unknown}
 q - a potion of haste {unknown}
 s - a potion of ambrosia {unknown}
 t - 2 potions of lignification {unknown}
 v - 2 potions of invisibility {unknown}
 x - a potion of attraction {unknown}
 D - a potion of mutation {unknown}


   Skills:
 + Level 6.4 Fighting
 - Level 3.8(6.0) Axes
 + Level 6.0(6.3) Polearms
 + Level 5.0 Armour
 + Level 2.5 Dodging
 - Level 6.0 Shields


You had 7 spell levels left.
You didn't know any spells.
Your spell library contained the following spells:

 Spells                   Type           Power      Damage    Failure   Level
 Apportation              Tloc           0%         N/A       75%         1
 Necrotise                Necr           0%         1d4       75%         1
 Sting                    Conj/Alch      0%         1d3       75%         1
 Summon Small Mammal      Summ           0%         N/A       75%         1
 Blink                    Tloc           0%         N/A       86%         2
 Lesser Beckoning         Tloc           0%         N/A       86%         2
 Mercury Vapours          Alch/Air       0%         N/A       86%         2
 Momentum Strike          Conj/Tloc      0%         3d8       86%         2
 Olgreb's Toxic Radiance  Alch           0%         N/A       100%        4


Dungeon Overview and Level Annotations

Branches:
Dungeon (5/15)
 Temple: D:4-7

Altars:
Gozag
Kikubaaqudgha
Trog
Uskayaw
Xom
The Shining One


Message History

You feel sick.
A gnoll comes into view.
It is wielding a +0 spear and quivering a throwing net.
Your Polearms skill increases to level 6!
You hit the gnoll.
The gnoll is moderately wounded.
You feel sick.
A gnoll sergeant comes into view. It is wielding a +2 trident of venom.
The gnoll hits you with a +0 whip. The gnoll closely misses you.
You barely miss the gnoll.
The gnoll is moderately wounded.
You feel sick.
The gnoll sergeant shouts!
The gnoll zaps a wand.
You struggle to resist.
The gnoll hits you with a +0 whip.
The gnoll hits you from afar with a +0 spear.
You barely miss the gnoll.
The gnoll is moderately wounded.
You feel sick.
The gnoll zaps a wand.
Your mind is blasted!
The gnoll closely misses you. The gnoll barely misses you.
The gnoll hits you from afar with a +0 spear.
* * * LOW HITPOINT WARNING * * *
The gnoll barely misses you. You block the gnoll's attack.
Sorry, you're not good enough to have a special ability.
Okay, then.
You feel very mighty all of a sudden.
You feel sick. The gnoll sergeant closely misses you.
The gnoll closely misses you. You block the gnoll's attack.
The gnoll hits you from afar with a +0 spear.
* * * LOW HITPOINT WARNING * * *
You feel sick.
The gnoll sergeant hits you with a +2 trident of venom.
* * * LOW HITPOINT WARNING * * *
You are lethally poisoned!
The gnoll attacks as it pursues you! The gnoll misses you.
It was a potion of curing.
You feel better. The gnoll closely misses you.
The gnoll sergeant hits you with a +2 trident of venom!
* * * LOW HITPOINT WARNING * * *
You are lethally poisoned!
The gnoll hits you from afar with a +0 spear.
You die...

##..# ##.#..########
##..####.....#
##.......#..(#
##.#####.....#
..........#..#
##.########..##### #.#
#.....g)######## #.#
#...###gg....... #.#
#...# #@.######> #.#
#####...# #g.#
#.###.......# #..#
#.#.....#.#.###..######.
#.#.###.#.#.....<.......
#...# #...##............
###.###.####.##########.
#.....####.#
###........#


You could see a gnoll sergeant and 3 gnolls.

Vanquished Creatures
  Pikel (D:4)
  Edmund (D:4)
  A centaur (D:5)
  Blork the orc (D:4)
  A phantom (D:5)
  2 scorpions
  Crazy Yiuf (D:4)
  A bombardier beetle (D:3)
  A sleepcap (D:5)
  A gnoll bouda (D:5)
  A jelly (D:4)
  An iguana (D:5)
  7 gnolls
  7 adders
  3 ribbon worms
  3 dart slugs
  11 orcs
  2 bats (D:2)
  7 endoplasms
  A giant cockroach (D:2)
  7 hobgoblins
  7 jackals
  8 ball pythons
  4 frilled lizards
  6 goblins
  7 kobolds
  9 rats
102 creatures vanquished.

Notes
Turn   | Place    | Note
-------+----------+-------------------------------------------
     0 | D:1      | juan097 the Hill Orc Fighter began the quest for the Orb.
     0 | D:1      | Reached XP level 1. HP: 19/19 MP: 1/1
    32 | D:1      | Reached XP level 2. HP: 16/27 MP: 2/2
   240 | D:1      | Reached XP level 3. HP: 33/33 MP: 3/3
   843 | D:2      | Found a glowing golden altar of the Shining One.
   856 | D:2      | Identified the +8 trident "Toitaski" {elec, rElec rCorr
                  | Str+4 Stlth+}
  1204 | D:2      | Reached XP level 4. HP: 41/41 MP: 4/4
  1890 | D:3      | Reached skill level 1 in Polearms
  1890 | D:3      | Reached XP level 5. HP: 47/47 MP: 5/5
  2116 | D:4      | Reached skill level 5 in Fighting
  2179 | D:4      | Noticed Blork the orc
  2193 | D:4      | Killed Blork the orc
  2318 | D:4      | Reached skill level 5 in Shields
  2416 | D:4      | Reached XP level 6. HP: 54/56 MP: 6/6
  2531 | D:4      | Noticed Pikel
  2541 | D:4      | Killed Pikel
  2542 | D:4      | Reached skill level 5 in Polearms
  2542 | D:4      | Reached skill level 1 in Dodging
  2542 | D:4      | Reached XP level 7. HP: 27/61 MP: 7/7
  2739 | D:4      | Noticed Edmund
  2750 | D:4      | Killed Edmund
  2755 | D:4      | Reached XP level 8. HP: 55/70 MP: 8/8
  2826 | D:4      | Found a shimmering altar of Xom.
  2827 | D:4      | Found a bloodstained altar of Trog.
  3059 | D:4      | Found an ancient bone altar of Kikubaaqudgha.
  3059 | D:4      | Found a hide-covered altar of Uskayaw.
  3060 | D:4      | Found an opulent altar of Gozag.
  3238 | D:4      | Found a runed translucent door.
  3239 | D:4      | Noticed Crazy Yiuf
  3247 | D:4      | Killed Crazy Yiuf
  3393 | D:5      | Entered Level 5 of the Dungeon
  4094 | D:5      | Reached skill level 5 in Armour
  4116 | D:5      | HP: 2/71 [gnoll sergeant/+2 trident of venom (13)]
  4116 | D:5      | Slain by a gnoll

Illustrated notes

Levels and vault maps discovered:
D:1:      co_arrival_hall_of_pillars, layout_basic
D:2:      layout_basic, basic_altar
D:3:      layout_basic, amcnicky_mini_rare_corridor_liquid
D:4:      layout_basic, nicolae_overflow_hidden_temple, uniq_pikel, uniq_edmund,
          uniq_crazy_yiuf_cottage, uniq_blork_the_orc
D:5:      layout_loops_ring

Skill      XL: |  1  2  3  4  5  6  7  8 |
---------------+-------------------------+-----
Axes           | 3 |  3.8
Fighting       | 4 5 6 |  6.4
Shields        | 4 5 6 |  6.0
Polearms       | 1 3 5 6 |  6.0
Dodging        | 1 2 |  2.5
Armour         | 4 5 |  5.0

Action                     |  1- 3 |  4- 6 |  7- 9 || total
---------------------------+-------+-------+-------++-------
  Melee: War axe           |    69 |       |       ||    69
         Trident           |    16 |    72 |    87 ||   175
   Fire: Sling             |       |       |     4 ||     4
    Use: Potion            |       |       |     2 ||     2
 Armour: Scale mail        |    55 |    23 |    47 ||   125
  Dodge: Dodged            |    47 |    18 |    31 ||    96
  Block: Buckler           |    15 |     4 |    14 ||    33
